 Dungeon Crawl Stone Soup version 0.24-a0-250-g6074511 (webtiles) character file.

Game seed: 10441465687295185615

36 Borgoz the Cutter (level 3, -4/22 HPs)
             Began as a Kobold Gladiator on Apr 15, 2019.
             Slain by a goblin
             ... wielding a +0 club
              (6 damage)
             ... on level 2 of the Dungeon.
             The game lasted 00:01:36 (1070 turns).

Borgoz the Cutter (Kobold Gladiator)                Turns: 1070, Time: 00:01:37

Health: -4/22      AC:  4    Str: 11    XL:     3   Next: 57%
Magic:  3/3        EV: 16    Int:  9    God:
Gold:   36         SH:  0    Dex: 17    Spells: 2/2 levels left

rFire    . . .     SeeInvis .   a - +0 rapier
rCold    . . .     Gourm    .   (shield restricted)
rNeg     . . .     Faith    .   b - +0 leather armour
rPois    .         Spirit   .   c - +0 helmet
rElec    .         Reflect  .   (no cloak)
rCorr    .         Harm     .   (no gloves)
MR       .....                  (no boots)
Stlth    ++........             (no amulet)
HPRegen  0.07/turn              (no ring)
MPRegen  0.08/turn              (no ring)

@: no status effects
A: small, carnivore
a: no special abilities


You were on level 2 of the Dungeon.
You were completely stuffed.

You visited 1 branch of the dungeon, and saw 2 of its levels.

You collected 36 gold pieces.

Inventory:

Hand Weapons
 a - a +0 rapier (weapon)
Missiles
 d - a throwing net (quivered)
Armour
 b - a +0 leather armour (worn)
 c - a +0 helmet (worn)
Scrolls
 e - 4 scrolls of identify {unknown}
Potions
 g - a potion of curing {unknown}
 h - 2 potions of degeneration {unknown}
 i - a potion of flight {unknown}
Comestibles
 f - 3 rations


   Skills:
 + Level 2.6 Fighting
 + Level 4.4 Short Blades
 - Level 2.1 Throwing
 + Level 0.8 Armour
 + Level 4.0 Dodging
 + Level 1.6 Stealth


You had 2 spell levels left.
You didn't know any spells.
Your spell library was empty.

Dungeon Overview and Level Annotations

Branches:
Dungeon (2/15)

Altars:


Innate Abilities, Weirdness & Mutations

You are small and have problems with some larger weapons.
You are carnivorous and can eat meat at any time.


Message History

The goblin hits you with a +0 club.
* * * LOW HITPOINT WARNING * * *
You closely miss the goblin.
The goblin is severely wounded.
The goblin barely misses you.
Throwing (i - inventory)
d - 3 throwing nets (quivered)
Press: ? - help, Shift-Dir - straight line, f - goblin
Aim: a goblin, wielding a +0 club (heavily wounded)
You throw a throwing net.
The throwing net barely misses the goblin.
The throwing net closely misses the kobold.
The goblin closely misses you.
Throwing (i - inventory)
d - 2 throwing nets (quivered)
Press: ? - help, Shift-Dir - straight line, f/p - goblin
Aim: a goblin, wielding a +0 club (heavily wounded)
You throw a throwing net.
The throwing net closely misses the goblin.
The throwing net hits the kobold.
The kobold is caught in the net!
The kobold struggles against the net.
The goblin hits you with a +0 club.
You die...

# #########..
####(.....<..###
#.....<...(....#
#.......# #.# #..#K##.#
###.### .....#g##.#
#.....#
.......#@##.####.....##.#
########.##...........#.#
#.#######......#.# #.#
#......#.# #.# ###.#.....
#.# #......# #.# ###....#
#.# ##.#.# #.#.#


You could see a goblin and a kobold (caught).

Vanquished Creatures
  A shadow imp (D:2)
  A giant cockroach (D:1)
  6 goblins
  3 hobgoblins
  4 jackals (D:1)
  A bat (D:1)
  A frilled lizard (D:2)
  4 kobolds
  6 rats
27 creatures vanquished.

Notes
Turn   | Place    | Note
-------+----------+-------------------------------------------
     0 | D:1      | Borgoz the Kobold Gladiator began the quest for the Orb.
     0 | D:1      | Reached XP level 1. HP: 12/12 MP: 1/1
   152 | D:1      | Reached XP level 2. HP: 16/18 MP: 2/2
   180 | D:1      | Reached skill level 1 in Stealth
   802 | D:2      | Reached XP level 3. HP: 19/22 MP: 3/3
  1070 | D:2      | Slain by a goblin

Levels and vault maps discovered:
D:1:      lemuel_arrival_hallway, layout_basic
D:2:      layout_loops_ring, lemuel_doored_altar, zin_academy,
          minmay_joined_circles

Skill      XL: |  1  2  3 |
---------------+----------+-----
Stealth        | 1 |  1.6
Dodging        | 4 |  4.0
Fighting       | |  2.6
Short Blades   | |  4.4
Throwing       | |  2.1
Armour         | |  0.8

Action                   || total
-------------------------++-------
Melee: Rapier            ||    88
Throw: Throwing net      ||     2
 Stab: Sleeping          ||     1
  Eat: Chunk             ||     9
Armor: Leather armour    ||    12
Dodge: Dodged            ||    57

Table legend:
 A = Non-vault XP
 B = Vault XP
 C = Vault XP percentage of total XP
 D = Non-vault monster count
 E = Vault monster count
 F = Vault count percentage of total count
                 A         B        C        D         E       F
            +---------+---------+-------+---------+---------+-------
      Total |      52 |       0 |   0.0 |      27 |       0 |   0.0
            +---------+---------+-------+---------+---------+-------
        D:1 |      28 |       0 |   0.0 |      18 |       0 |   0.0
        D:2 |      24 |       0 |   0.0 |       9 |       0 |   0.0
            +---------+---------+-------+---------+---------+-------
